 Dungeon Crawl Stone Soup version 0.29-a0-243-g602b31c20e (webtiles) character file.

Game seed: 881941397074978836

23 enile the Magician (level 3, 0/29 HPs)
             Began as a Djinni Ice Elementalist on Mar 5, 2022.
             Slain by a hobgoblin (5 damage)
             ... on level 1 of the Dungeon.
             The game lasted 00:01:01 (1058 turns).

enile the Magician (Djinni Ice Elementalist)        Turns: 1058, Time: 00:01:02

Health: 0/29       AC:  2    Str:  7    XL:     3   Next: 10%
Gold:   52         EV: 12    Int: 18    God:
                   SH:  0    Dex: 13

rFire   + + .      SeeInvis .   (no weapon)
rCold   x . .      Faith    .   (no shield)
rNeg    . . .      Spirit   .   a - +0 robe
rPois   ∞          Reflect  .   (no helmet)
rElec   .          Harm     .   (no cloak)
rCorr   .          Rampage  .   (no gloves)
Will    .....                   (boots unavailable)
Stlth   ++........              (no amulet)
HPRegen 0.09/turn               (no ring)
MPRegen 0.00/turn               (no ring)

@: mighty, flying
A: sickness immunity, fire resistance 2, cold vulnerability 1, float, innate
caster, HP casting, extra vitality 1
a: no special abilities


You were on level 1 of the Dungeon.
You visited 1 branch of the dungeon, and saw 1 of its levels.

You collected 52 gold pieces.

Inventory:

Armour
 a - a +0 robe (worn)
Scrolls
 c - a scroll of teleportation {unknown}


   Skills:
 + Level 2.4 Fighting
 - Level 2.1 Dodging
 - Level 1.5 Stealth
 - Level 3.2 Spellcasting


You couldn't memorise any spells.
You knew the following spells:

 Your Spells              Type           Power      Damage    Failure   Level
a - Freeze                Ice            56%        1d7       4%          1
b - Frozen Ramparts       Ice            28%        1d4       12%         3
c - Ozocubu's Armour      Ice            14%        N/A       12%         3
d - Hailstorm             Conj/Ice       14%        3d5       38%         4
e - Animate Skeleton      Necr           28%        N/A       4%          1
Your spell library was empty.

Dungeon Overview and Level Annotations

Branches:
Dungeon (1/15)

Altars:


Innate Abilities, Weirdness & Mutations

You are immune to sickness and miasma.
You are immune to poison.
Your flesh is very heat resistant. (rF++)
You are vulnerable to cold. (rC-)
You float through the air rather than walking.
You learn spells naturally, not from books.
Your magical power is your life essence.
You have superior vitality. (+4 MHP)


Message History

A kobold and a frilled lizard come into view.
The kobold shouts!
The hobgoblin shouts!
The endoplasm hits you. The endoplasm closely misses you.
The hobgoblin hits you. The hobgoblin barely misses you.
Your magical contamination has completely faded away.
The kobold closely misses you.
It was a potion of flight.
You feel more buoyant. The kobold hits you but does no damage.
It was a potion of magic.
Magic washes over you without effect. The kobold hits you with a +0 dagger.
* * * LOW HITPOINT WARNING * * *
It was a potion of might.
You feel very mighty all of a sudden. The kobold hits you but does no damage.
You barely miss the kobold. Your punch misses the kobold.
The kobold hits you but does no damage.
You punch the kobold!
You kill the kobold!
You have reached level 3!
Your experience leads to an increase in your attributes!
Increase (S)trength, (I)ntelligence, or (D)exterity?
You feel clever. x2
The power to cast Animate Skeleton wells up from within.
Spell assigned to 'e'.
You hit the endoplasm.
You kill the endoplasm!
You barely miss the goblin. The goblin hits you with a +0 dagger.
* * * LOW HITPOINT WARNING * * *
You punch the goblin!
You kill the goblin!
You hit the hobgoblin.
The hobgoblin is heavily wounded.
The hobgoblin hits you but does no damage.
You barely miss the hobgoblin.
The hobgoblin is heavily wounded.
The hobgoblin hits you.
You die...

..#
.........#
###
.........##
...
...l......#
..........##
.......##..#
#####+#
##.## #.l# #
##g# .. #@#
#####
#.......+
.....
#.####.##
####..# .#
....... ..
######. #.#
.....# ..
.....# #.#
###..#


You could see a hobgoblin and a frilled lizard.

Vanquished Creatures
  2 ball pythons (D:1)
  A bat (D:1)
  3 endoplasms (D:1)
  2 giant cockroaches (D:1)
  2 goblins (D:1)
  A hobgoblin (D:1)
  3 kobolds (D:1)
  2 quokkas (D:1)
  2 frilled lizards (D:1)
  A rat (D:1)
19 creatures vanquished.

Vanquished Creatures (others)
  A plant (D:1)
1 creature vanquished.

Grand Total: 20 creatures vanquished

Notes
Turn   | Place    | Note
-------+----------+-------------------------------------------
     0 | D:1      | enile the Djinni Ice Elementalist began the quest for the
                  | Orb.
     0 | D:1      | Reached XP level 1. HP: 15/15 MP: 0/0
    30 | D:1      | Reached skill level 1 in Fighting
   175 | D:1      | Reached XP level 2. HP: 22/22 MP: 0/0
  1054 | D:1      | Reached XP level 3. HP: 8/29 MP: 0/0
  1054 | D:1      | Learned a level 1 spell: Animate Skeleton
  1058 | D:1      | Slain by a hobgoblin

Illustrated notes

Levels and vault maps discovered:
D:1:      ebering_hopf_link, layout_basic, chequers_ecumenical_altar_lobes,
          chequers_garden

Skill      XL: |  1  2 |
---------------+-------+-----
Fighting       | 1 2 |  2.4
Dodging        | |  2.1
Stealth        | |  1.5
Spellcasting   | |  3.2

Action                   || total
-------------------------++-------
Melee: Unarmed           ||    22
       Punch             ||     1
 Cast: Freeze            ||    24
  Use: Potion            ||     3
Armor: Robe              ||    14
Dodge: Dodged            ||    27

Table legend: (Time is in decaauts)
 A = Elapsed time spent in this place.
 B = Non-inter-level travel time spent in this place.
 C = Inter-level travel time spent in this place.
 D = Time resting spent in this place.
 E = Time spent auto-exploring this place.
 F = Levels seen in this place.
 G = Mean time per level.
                   A        B        C        D        E       F      G
               +--------+--------+--------+--------+--------+-----+--------+
         Total |   1058 |   1058 |      0 |      0 |    934 |   1 | 1058.0 |
       Dungeon |   1058 |   1058 |      0 |      0 |    934 |   1 | 1058.0 |
               +--------+--------+--------+--------+--------+-----+--------+

Top non-repeatable levels by time:
     D:1: 1058 daAuts
